 Dungeon Crawl Stone Soup version 0.17-a0-913-g36eb389 (webtiles) character file.

42 drasked the Magician (level 3, -1/16 HPs)
             Began as a Spriggan Wizard on May 3, 2015.
             Hit by a tomahawk thrown by an orc (4 damage)
             ... on level 3 of the Dungeon.
             The game lasted 00:09:33 (1899 turns).

drasked the Magician (Spriggan Wizard)              Turns: 1899, Time: 00:09:33

Health: -1/16      AC:  2    Str:  3    XL:     3   Next: 35%
Magic:  1/10       EV: 18    Int: 20    God:
Gold:   103        SH:  0    Dex: 14    Spells: 5 memorised, 1 level left

rFire  . . .     SeeInvis +     h - +0 dagger
rCold  . . .     Clarity  .     a - +0 robe
rNeg   . . .     SustAb   .     (shield restricted)
rPois  .         Gourm    .     b - +0 hat
rElec  .         Spirit   .     (no cloak)
rCorr  .         Warding  .     (gloves unavailable)
rMut   .         Stasis   .     (boots unavailable)
MR     .....                    (no amulet)
Stlth  ++........               (no ring)
                                (no ring)

@: very quick, not resistant to hostile enchantments, unstealthy
A: unfitting armour, see invisible, herbivore 3, speed 3, slow metabolism 2
a: no special abilities


You were on level 3 of the Dungeon.
You were not hungry.

You visited 1 branch of the dungeon, and saw 3 of its levels.

You collected 103 gold pieces.

Inventory:

Hand weapons
 h - a +0 dagger (weapon)
   (You found it on level 1 of the Dungeon)
Armour
 a - a +0 robe (worn)
 b - a +0 hat (worn)
Scrolls
 f - a scroll of immolation {!r}
 m - a scroll of teleportation {unknown}
Potions
 e - 2 potions of agility {unknown}
 g - a potion of haste {unknown}
 i - a potion of might {unknown}
 k - a potion of brilliance
 n - a potion of heal wounds {unknown}
Books
 c - a book of Minor Magic
Comestibles
 d - 3 bread rations {@e1}
 j - 4 fruits
 l - a slice of pizza


   Skills:
 - Level 3.0 Dodging
 - Level 3.0 Stealth
 + Level 5.0 Spellcasting
 + Level 1.5 Conjurations
   Level 0.7 Summonings
 - Level 1.5 Translocations


You had one spell level left.
You knew the following spells:

 Your Spells              Type           Power        Failure   Level  Hunger
a - Magic Dart            Conj           ##..         10%         1    None
b - Blink                 Tloc           N/A          12%         2    None
c - Conjure Flame         Conj/Fire      #.......     24%         3    ##.....
d - Repel Missiles        Chrm/Air       #.....       21%         2    None
x - Mephitic Cloud        Conj/Pois/Air  #.......     30%         3    ##.....


Dungeon Overview and Level Annotations

Branches:
Dungeon (3/15)

Altars:
Gozag


Innate Abilities, Weirdness & Mutations

You are tiny and cannot use many weapons and most armour.
You have supernaturally acute eyesight.
You are a herbivore.
You cover ground extremely quickly.
You need consume almost no food.


Message History

Aim: a giant cockroach (clinging, resting)
The magic dart hits the giant cockroach.
You kill the giant cockroach!
You now have 9/10 mp.
MP restored: 10 You see here 10 stones.
You see here a robe.
Things that are here:
a stone; a buckler
Okay, then.
Found a stone staircase leading down.
There is a stone staircase leading down here.
A giant gecko comes into view.
Aim: a giant gecko (clinging)
The magic dart hits the giant gecko.
You now have 9/10 mp.
Aim: a giant gecko (heavily wounded, clinging)
The magic dart hits the giant gecko.
You kill the giant gecko!
You now have 8/10 mp.
Found a stone staircase leading down.
There is a stone staircase leading down here.
You now have 103 gold pieces (gained 11).
Done exploring.
Done exploring.
Done exploring.
Done exploring.
There is a stone staircase leading down here.
You climb downwards.
A kobold and an orc come into view.
Found 4 gold pieces.
Found a stone staircase leading up.
There is a stone staircase leading up here.
Aim: an orc, wielding a short sword (resting)
The magic dart hits the orc.
The orc shouts!
You now have 8/10 mp.
Aim: an orc, wielding a short sword (severely wounded)
The magic dart hits the orc.
The kobold shouts!
The kobold throws a stone.
The stone barely misses you.
Aim: an orc, wielding a short sword (almost dead)
The magic dart hits the orc.
You kill the orc!
The kobold throws a stone.
The stone barely misses you.
You now have 7/10 mp.
Aim: a kobold, wielding a club The magic dart hits the kobold.
You now have 6/10 mp.
Aim: a kobold, wielding a club The magic dart hits the kobold.
You kill the kobold!
You now have 5/10 mp.
Things that are here:
a club; a stone; a kobold corpse An orc comes into view.
It is wielding a dagger.
Aim: an orc, wielding a dagger (resting)
The magic dart hits the orc.
The orc shouts!
The orc throws a tomahawk.
The tomahawk barely misses you.
An orc comes into view.
You now have 4/10 mp.
Aim: an orc, wielding a dagger (almost dead)
The magic dart hits the orc.
You kill the orc!
Your Spellcasting skill increases to level 5!
The orc shouts!
The orc moves out of view.
An orc comes into view.
Aim: an orc, wearing a ring mail (hasn't noticed you)
The magic dart hits the orc.
The orc shouts!
You now have 3/10 mp.
Aim: an orc, wearing a ring mail (heavily wounded)
The magic dart hits the orc.
An orc comes into view. It is wielding a hand axe.
You now have 2/10 mp.
Aim: an orc, wearing a ring mail (severely wounded)
The magic dart hits the orc.
You kill the orc!
The orc throws a tomahawk.
The tomahawk completely misses you.
You now have 1/10 mp.
Aim: an orc, wielding a hand axe and wearing a leather armour The magic dart hits the orc.
The orc throws a tomahawk.
The tomahawk closely misses you.
You now have 0/10 mp.
You don't have enough magic to cast that spell.
You don't have enough magic to cast that spell.
The orc throws a tomahawk.
The tomahawk hits you!
Ouch! That really hurt!
Items here: (( ) † a tomahawk; a club; a stone; a kobold corpse You take 9 damage, and have 7/16 hp.
MASSIVE DAMAGE!!
The orc throws a tomahawk.
The tomahawk hits you.
* * * LOW HITPOINT WARNING * * *
You see here a tomahawk.
You take 4 damage, and have 3/16 hp.
MASSIVE DAMAGE!!
The orc throws a tomahawk.
The tomahawk hits you.
You die...

#### o #.. ...)
.#######.####.o..
..................
#####...o(.....$#
#..)(.......#
#...(.......#
#...........##
#.....@......#
#............#
##.#..<<...#.#
#.#######.# #. ..
#. .


You could see 2 orcs.

Vanquished Creatures
  An ooze (D:1)
  A giant gecko (D:2)
  3 orcs (D:3)
  6 bats
  A giant cockroach (D:2)
  3 goblins
  4 hobgoblins
  3 jackals (D:1)
  3 giant newts (D:1)
  4 kobolds
  4 rats
33 creatures vanquished.

Notes
Turn   | Place    | Note
--------------------------------------------------------------
     0 | D:1      | drasked, the Spriggan Wizard, began the quest for the Orb.
     0 | D:1      | Reached XP level 1. HP: 9/9 MP: 6/6
   106 | D:1      | Reached skill level 1 in Conjurations
   298 | D:1      | Reached XP level 2. HP: 11/13 MP: 0/8
  1090 | D:1      | Learned a level 2 spell: Blink
  1093 | D:1      | Learned a level 2 spell: Repel Missiles
  1321 | D:2      | Reached XP level 3. HP: 16/16 MP: 2/10
  1394 | D:2      | Found an opulent altar of Gozag.
  1492 | D:2      | Learned a level 3 spell: Mephitic Cloud
  1496 | D:2      | Learned a level 3 spell: Conjure Flame
  1888 | D:3      | Reached skill level 5 in Spellcasting
  1897 | D:3      | HP: 3/16 [orc/tomahawk (4)]
  1899 | D:3      | Hit by a tomahawk thrown by an orc

Action                   || total
-------------------------++-------
Melee: Dagger            ||     6
       Unarmed           ||     2
 Cast: Magic Dart        ||    91
  Use: Scroll            ||     4
 Stab: Sleeping          ||     1

Vault maps used:
D:1:      dpeg_arrival_houses_and_road, kennysheep_nondescript
D:2:      nicolae_gozag_seed_capital, first_bread
D:3:      minmay_crystal_water

Table legend:
 A = Turns spent in this place as a percentage of turns spent in the entire game.
 B = Non-inter-level travel turns spent in this place as a percentage of non-inter-level travel turns spent in the entire game.
 C = Inter-level travel turns spent in this place as a percentage of turns spent in this place.
 D = Turns resting spent in this place as a percentage of non-inter-level travel turns spent in this place.
 E = Turns spent auto-exploring this place as a percentage of non-inter-level travel turns spent in this place.
 F = Non-inter-level travel turns spent in this place divided by the number of levels of this place that you've seen.
                   A       B       C       D       E      F
               +-------+-------+-------+-------+-------+----------------------
         Total | 100.0 | 100.0 |   0.3 |   3.9 |   9.8 | 206.7
       Dungeon | 100.0 | 100.0 |   0.3 |   3.9 |   9.8 | 206.7
               +-------+-------+-------+-------+-------+----------------------

Table legend:
 A = Kills in this place as a percentage of kills in entire the game.
 B = Kills by you in this place as a percentage of kills by you in the entire game.
 C = Kills by friends in this place as a percentage of kills by friends in the entire game.
 D = Other kills in this place as a percentage of other kills in the entire game.
 E = Experience gained in this place as a percentage of experience gained in the entire game.
 F = Experience gained in this place divided by the number of levels of this place that you have seen.
                   A       B       C       D       E      F
               +-------+-------+-------+-------+-------+----------------------
         Total | 100.0 | 100.0 |  -nan |  -nan | 100.0 |  20.3
       Dungeon | 100.0 | 100.0 |  -nan |  -nan | 100.0 |  20.3
               +-------+-------+-------+-------+-------+----------------------
